AoeStats
← nightfury

Arabia

508660981Analyzed
1v1 RM · 9d ago on Sep 23, 2026· 28m 42s· 2 players
Game mode
Random Map
Map size
Tiny (2 player)
Population
200
Speed
Normal
Resources
Standard
Victory
Conquest
Starting age
Dark Age
Ending age
Imperial Age
RankedLock teamsTeams togetherTeam positionsShared explorationLock speedFull tech treeHidden civsTurbo modeCheats
Victory
Defeat
🇮🇳 Inca · India
830
+16
🇦🇺 Goths · Australia
840
-16
nightfury
10:46 Loom
13:38 Feudal Age
14:16 Champi Runner
14:44 Arson
19:00 Scale Mail Armor
19:29 Forging
21:54 Castle Age
21:58 Champi Warrior
22:39 Squires
23:50 Chain Mail Armor
25:32 Iron Casting
soren_max
1:21 Loom
11:31 Feudal Age
11:50 Man-at-Arms
12:48 Double-Bit Axe
12:44 Horse Collar
21:07 Castle Age
21:26 Scale Mail Armor
21:36 Forging
24:09 Heavy Plow
25:11 Bow Saw
26:13 Squires
26:33 Chain Mail Armor
27:34 Fletching
28:10 Murder Holes
28:28 Masonry
Connection lost

Rejoining the realm…

Still unreachable

The connection could not be restored.

Session expired

The server has moved on; the page needs a fresh start.